Map: King's Cove LE

Players

llllllllllll - Winner!

  • Race: Terran Terran
  • League: Gold
  • Spawn Location: 5:00

sdsdsd

  • Race: Zerg Zerg
  • League: Gold
  • Spawn Location: 11:00

VOD

Have the link to the VOD?

Description

Time

  • Played on: April 24, 2025, 11:11 a.m.
  • Length: 7:47
Show
View Real Time Build Order
Export as new Build Order

llllllllllll Terran - Winner!

Build Orders: 2 Factory, Gas First Reaper Expand 

Get SALT Encoding   

  12  0:00  SCV  
  13  0:12  SCV  
  14  0:24  SCV  
  14  0:25  Supply Depot  
  15  0:35  Refinery  
  15  0:47  SCV  
  16  0:54  Barracks  
  16  0:59  SCV  
  17  1:11  SCV  
  18  1:23  SCV  
  19  1:40  Orbital Command  
  19  1:41  Reaper  
  20  1:54  Command Center  
  20  2:04  Factory  
  20  2:08  SCV  
  21  2:14  Refinery  
  21  2:16  Barracks Reactor  
  21  2:20  SCV  
  22  2:28  Supply Depot  
  22  2:32  SCV  
  23  2:47  SCV  
  23  2:50  Factory  
  22  2:59  Hellion x2  
  26  3:07  SCV  
  27  3:17  Orbital Command  
  27  3:19  SCV  
  28  3:21  Barracks Tech Lab  
  28  3:31  SCV  
  29  3:40  Hellion x2  
  33  3:43  SCV  
  33  3:45  SCV  
  35  3:50  Mag-Field Accelerator  
  35  3:54  Supply Depot  
  35  3:56  SCV  
  35  4:00  Cyclone  
  39  4:03  SCV  
  39  4:09  SCV  
  41  4:15  SCV  
  42  4:21  SCV  
  43  4:25  Factory  
  43  4:26  Factory x2  
  43  4:28  SCV  
  44  4:33  SCV  
  44  4:35  Refinery  
  44  4:37  Refinery  
  45  4:41  SCV  
  45  4:45  SCV  
  47  4:48  Cyclone  
  50  4:53  SCV  
  50  4:57  SCV  
  52  5:05  SCV  
  53  5:11  Factory Tech Lab x2  
  53  5:12  Factory Reactor  
  53  5:13  Supply Depot  
  53  5:14  Supply Depot  
  53  5:15  Supply Depot, SCV  
  54  5:26  Supply Depot  
  54  5:30  Infernal Pre-Igniter  
  54  5:34  SCV, Cyclone x2  
  61  5:39  Cyclone  
  61  5:42  Hellion  
  66  5:46  Hellion  
  66  5:48  SCV x2  
  70  6:00  SCV  
  73  6:04  Hellion  
  73  6:06  Cyclone x2  
  73  6:10  Hellion x2  
  83  6:19  Supply Depot  
  83  6:22  Supply Depot  
  83  6:32  Cyclone  
  86  6:41  Cyclone x2, Hellion  
  86  7:04  Cyclone, Hellion  
  86  7:05  SCV  
  92  7:09  SCV  
  92  7:13  Cyclone x2  
  96  7:17  SCV  
  96  7:21  SCV  
  94  7:29  SCV  
  98  7:41  Supply Depot x2  
Show
View Real Time Build Order
Export as new Build Order

sdsdsd Zerg 

Build Orders: Pool First 

Get SALT Encoding   

  12  0:09  Overlord  
  12  0:14  Drone  
  13  0:22  Drone  
  13  0:27  Drone  
  15  0:39  Drone  
  16  0:48  Spawning Pool  
  15  1:11  Hatchery  
  14  1:19  Drone x2  
  14  1:25  Drone  
  17  1:31  Drone  
  18  1:37  Queen  
  20  1:44  Zergling x2  
  20  1:45  Extractor  
  20  1:52  Drone  
  21  2:02  Overlord  
  21  2:13  Overlord  
  23  2:24  Drone x2  
  23  2:29  Queen  
  25  2:34  Drone  
  26  2:40  Drone  
  27  2:45  Drone  
  27  2:50  Drone x4  
  32  2:59  Lair  
  32  3:01  Extractor  
  31  3:08  Drone x2  
  32  3:29  Queen  
  32  3:30  Overlord x2  
  32  3:31  Overlord  
  34  3:35  Drone x2  
  34  3:39  Zergling x2  
  33  3:58  Roach Warren  
  32  4:05  Queen  
  34  4:15  Evolution Chamber  
  33  4:22  Drone  
  33  4:23  Drone x3  
  33  4:24  Drone, Nydus Network  
  39  4:38  Roach x2  
  39  4:39  Roach  
  39  4:42  Glial Reconstitution  
  43  4:53  Overlord  
  43  5:01  Drone x4  
  43  5:02  Drone  
  43  5:06  Zerg Missile Weapons Level 1  
  48  5:17  Metabolic Boost  
  48  5:23  Drone x5  
  48  5:26  Extractor  
  52  5:31  Hydralisk Den  
  52  5:32  Ravager  
  52  5:43  Roach x4  
  60  5:54  Overseer  
  60  5:58  Drone  
  60  5:59  Drone x5  
  60  6:00  Overlord  
  60  6:03  Extractor  
  65  6:20  Nydus Canal  
  65  6:24  Overlord x2  
  65  6:25  Pneumatized Carapace  
  65  6:31  Roach  
  67  6:46  Roach x2  
  68  6:50  Roach x3  
  68  6:51  Overseer  
  62  6:56  Roach x3  
  62  6:57  Roach  
  63  7:06  Overlord x3  
  51  7:22  Zergling x14  
  48  7:26  Zergling x2  
Tags
 
Add a new tag
Caveats
  • Supply blocks, unpowered buildings, or Contaminate may cause inaccurate times.
  • Supply counts are checked every 10 seconds.